 Dungeon Crawl Stone Soup version 0.27-a0-1232-gc6a4cbde82 (webtiles) character file.

Game seed: 1521250598846728934

349 ZappyNine the Skirmisher (level 6, -13/68 HPs)
             Began as an Ogre Fighter on June 8, 2021.
             Mangled by Duvessa
             ... wielding a +4 rapier of freezing
              (14 damage)
             ... on level 4 of the Dungeon.
             The game lasted 00:04:05 (4806 turns).

ZappyNine the Skirmisher (Ogre Fighter)             Turns: 4806, Time: 00:04:06

Health: -13/68     AC:  3    Str: 21    XL:     6   Next: 60%
Magic:  6/6        EV:  8    Int:  9    God:
Gold:   91         SH:  8    Dex: 10    Spells: 5/5 levels left

rFire    + . .     SeeInvis .   a - +0 flail
rCold    + . .     Faith    .   c - +0 kite shield
rNeg     . . .     Spirit   .   b - +0 robe
rPois    +         Reflect  .   (helmet restricted)
rElec    +         Harm     .   (no cloak)
rCorr    +         Rampage  .   (gloves unavailable)
Will     .....     Clarity  +   (boots unavailable)
Stlth    +.........             (no amulet)
HPRegen  0.21/turn              (no ring)
MPRegen  0.10/turn              (no ring)

@: resistant
A: large, unfitting armour, tough skin 1, clarity, poison resistance, screaming
1
a: no special abilities


You were on level 4 of the Dungeon.
You visited 1 branch of the dungeon, and saw 4 of its levels.

You collected 91 gold pieces.

Inventory:

Hand Weapons
 a - a +0 flail (weapon)
Missiles
 j - a throwing net (quivered)
Armour
 b - a +0 robe (worn)
 c - a +0 kite shield (worn)
Jewellery
 k - a +4 ring of slaying
 q - a ring of see invisible
Scrolls
 d - a scroll of amnesia {unknown}
 e - 2 scrolls of identify {unknown}
 f - a scroll of teleportation
 g - 2 scrolls of fear {unknown}
 m - a scroll of vulnerability {unknown}
 o - a scroll of fog {unknown}


   Skills:
 + Level 6.3 Fighting
 + Level 3.8 Maces & Flails
 + Level 4.3 Dodging
 - Level 2.6 Shields


You had 5 spell levels left.
You didn't know any spells.
Your spell library contained the following spells:

 Spells                   Type           Power      Damage    Failure   Level
 Animate Skeleton         Necr           0%         N/A       85%         1
 Magic Dart               Conj           0%         1d3       85%         1
 Pain                     Necr           0%         1d4       85%         1
 Searing Ray              Conj           0%         3d3       94%         2
 Dazzling Flash           Conj/Hex       0%         N/A       99%         3
 Vampiric Draining        Necr           0%         2d6       99%         3
 Animate Dead             Necr           0%         N/A       100%        4
 Fulminant Prism          Conj/Hex       0%         3d6       100%        4
 Iskenderun's Mystic Bla  Conj/Tloc      0%         2d3       100%        4
 Agony                    Necr           0%         N/A       100%        5


Dungeon Overview and Level Annotations

Branches:
Dungeon (4/15)
 Temple: D:4-7

Altars:
Nemelex Xobeh

Shops:
D:1 [[*?[

Annotations:
D:3 3 runed translucent doors, NateTC's ghost, amateur OpFi
D:4 Dowan; Duvessa; Ijyb


Innate Abilities, Weirdness & Mutations

You are too large for most types of armour.
You have tough skin. (AC +1)
You possess an exceptional clarity of mind.
Your system is resistant to poisons. (rPois)
You occasionally shout uncontrollably at your foes.


Message History

You sock Duvessa!
Duvessa is severely wounded.
Duvessa hits you with a +4 rapier of freezing.
* * * LOW HITPOINT WARNING * * *
Duvessa freezes you.
* * * LOW HITPOINT WARNING * * *
Unknown command.
Unknown command.
Found a worn iron wand.
It was a potion of cancellation.
Your magical effects are unravelling.
You feel magically purged.
You feel yourself slow down.
It was a potion of mutation.
You feel extremely strange.
You feel the urge to shout.
You feel resistant to poisons.
Your thoughts seem clearer.
You block Duvessa's attack.
Unknown command.
It was a potion of resistance.
You feel protected. You block Duvessa's attack.
Unknown command.
You feel better.
Duvessa hits you with a +4 rapier of freezing.
* * * LOW HITPOINT WARNING * * *
Duvessa freezes you.
* * * LOW HITPOINT WARNING * * *
Unknown command.
You hit Duvessa.
Duvessa is severely wounded.
You block Dowan's attack.
Duvessa hits you with a +4 rapier of freezing!
* * * LOW HITPOINT WARNING * * *
Duvessa freezes you.
* * * LOW HITPOINT WARNING * * *
You block Dowan's attack.
You barely miss Duvessa.
Duvessa is severely wounded.
Duvessa hits you with a +4 rapier of freezing!
You die...

#......##...# #.....#
.......##...# #e....#
#..........## #.....#
..e..##.##.# #.....#
#####...##/###
####'####
#.####....######)...#
.... ..........e#.#.#
....##
####..ee##.....#
######
####@###.#..... #.#
....### ..# #.#.#
/### .#.# #. ...# #
#..


You could see Duvessa and Dowan.

Vanquished Creatures
  2 phantoms
  A hound (D:4)
  A hound skeleton (D:4)
  7 adders
  3 gnolls (D:2)
  An adder skeleton (D:4)
  2 dart slugs
  2 orcs (D:3)
  6 endoplasms
  4 giant cockroaches
  9 goblins
  3 hobgoblins
  2 jackals (D:1)
  2 quokkas
  4 ball pythons
  3 bats
  6 frilled lizards
  6 kobolds
  6 rats
70 creatures vanquished.

Vanquished Creatures (others)
  A ball python (D:4)
1 creature vanquished.

Grand Total: 71 creatures vanquished

Notes
Turn   | Place    | Note
-------+----------+-------------------------------------------
     0 | D:1      | ZappyNine the Ogre Fighter began the quest for the Orb.
     0 | D:1      | Reached XP level 1. HP: 24/24 MP: 1/1
   123 | D:1      | Found Xaadozy's Antique Armour Shop.
   125 | D:1      | Reached XP level 2. HP: 32/32 MP: 2/2
   284 | D:1      | Found Wizinaok's General Store.
   288 | D:1      | Found Ysama's Magic Scroll Shop.
   325 | D:1      | Found Kumyqog's Armour Emporium.
   433 | D:1      | HP: 1/33 [frilled lizard (3)]
   727 | D:1      | Found Jaum's Armour Emporium.
  1083 | D:2      | Reached XP level 3. HP: 40/40 MP: 3/3
  1618 | D:2      | Reached XP level 4. HP: 19/49 MP: 4/4
  1835 | D:2      | Reached skill level 5 in Fighting
  2105 | D:2      | Found a sparkling altar of Nemelex Xobeh.
  2732 | D:3      | Noticed a phantom
  2749 | D:3      | Killed a phantom
  2750 | D:3      | Reached XP level 5. HP: 32/57 MP: 5/5
  3510 | D:3      | Found a runed translucent gate.
  3511 | D:3      | Found a runed translucent gate.
  3512 | D:3      | Found a runed translucent gate.
  3982 | D:3      | Reached XP level 6. HP: 67/67 MP: 6/6
  4182 | D:3      | Noticed NateTC's ghost (amateur OpFi)
  4294 | D:4      | Noticed Ijyb
  4300 | D:4      | Noticed Duvessa
  4303 | D:4      | Noticed Dowan
  4327 | D:4      | Reached skill level 6 in Fighting
  4802 | D:4      | Gained mutation: You occasionally shout uncontrollably at
                  | your foes. [potion of mutation]
  4802 | D:4      | Gained mutation: Your system is resistant to poisons.
                  | (rPois) [potion of mutation]
  4802 | D:4      | Gained mutation: You possess an exceptional clarity of
                  | mind. [potion of mutation]
  4805 | D:4      | HP: 3/68 [Duvessa/+4 rapier of freezing (13)]
  4805 | D:4      | HP: 1/68 [Duvessa/+4 rapier of freezing (2)]
  4806 | D:4      | Mangled by Duvessa

Illustrated notes

Levels and vault maps discovered:
D:1:      saegor_arrival_miasma, layout_basic, serial_shops, shop, shop,
          nicolae_shop_temple_entry_statues_fountains, shop, shop, serial_bayou,
          serial_bayou_crossing, serial_bayou_pond_c, serial_bayou_shore_b,
          serial_bayou_pond_c
D:2:      layout_loops_corners, basic_altar
D:3:      layout_basic, gammafunk_ghost_icy
D:4:      layout_basic, uniq_duvessa, uniq_pikel, uniq_ijyb, uniq_blork_the_orc

Skill      XL: |  1  2  3  4  5  6 |
---------------+-------------------+-----
Maces & Flails | 2 3 |  3.8
Dodging        | 3 4 |  4.3
Fighting       | 5 6 |  6.3
Shields        | |  2.6

Action                   |  1- 3 |  4- 6 || total
-------------------------+-------+-------++-------
Melee: Flail             |   104 |   194 ||   298
  Use: Potion            |     2 |     9 ||    11
       Scroll            |       |     1 ||     1
Armor: Robe              |    31 |    41 ||    72
Dodge: Dodged            |    48 |   102 ||   150
Block: Kite shield       |    50 |   104 ||   154

Table legend: (Time is in decaauts)
 A = Elapsed time spent in this place.
 B = Non-inter-level travel time spent in this place.
 C = Inter-level travel time spent in this place.
 D = Time resting spent in this place.
 E = Time spent auto-exploring this place.
 F = Levels seen in this place.
 G = Mean time per level.
                   A        B        C        D        E       F      G
               +--------+--------+--------+--------+--------+-----+--------+
         Total |   4939 |   4908 |     31 |   1447 |   2700 |   4 | 1234.8 |
       Dungeon |   4939 |   4908 |     31 |   1447 |   2700 |   4 | 1234.8 |
               +--------+--------+--------+--------+--------+-----+--------+

Top non-repeatable levels by time:
     D:2: 1672 daAuts
     D:3: 1539 daAuts
     D:1: 1127 daAuts
     D:4: 599 daAuts
